 Dungeon Crawl Stone Soup version 0.26-a0-49-g0e6732e0a6 (console) character file.

Game seed: 7239277393307762058

10535 Kagalorn the Carver (level 11, -6/64 HPs)
             Began as a Gargoyle Fighter on June 4, 2020.
             Was a Priest of the Shining One.
             Killed by divine providence
             ... invoked by a meliai
              (12 damage)
             ... on level 13 of the Dungeon.
             The game lasted 00:30:59 (11998 turns).

Kagalorn the Carver (Gargoyle Fighter)             Turns: 11998, Time: 00:30:59

Health: -6/64      AC: 27    Str: 20    XL:     11   Next: 63%
Magic:  14/14      EV:  9    Int: 12    God:    the Shining One [***...]
Gold:   1744       SH: 10    Dex:  9    Spells: 10/10 levels left

rFire    + . .     SeeInvis .   a - +0 long sword
rCold    + . .     Gourm    .   c - +0 kite shield
rNeg     + + .     Faith    .   E - +0 plate armour
rPois    ∞         Spirit   .   p - +2 helmet of Wu Jian's Envy {rC+}
rElec    +         Reflect  .   N - +1 cloak
rCorr    .         Harm     .   J - +0 pair of gloves
MR       .....                  (no boots)
Stlth    ..........             B - amulet of magic regeneration
HPRegen  0.20/turn              P - +4 ring of evasion
MPRegen  0.39/turn              K - ring of protection from fire

@: glowing
A: negative energy resistance 1, electricity resistance, unbreathing,
petrification resistance, rot immunity, AC +8
a: Divine Shield, Renounce Religion


You were on level 13 of the Dungeon.
You worshipped the Shining One.
The Shining One was most pleased with you.
You were very hungry.

You visited 2 branches of the dungeon, and saw 13 of its levels.
You also visited: Sewer and Ossuary.

You collected 1744 gold pieces.

Inventory:

Hand Weapons
 a - a +0 long sword (weapon)
 Q - a +0 morningstar
Armour
 b - the +5 robe of the Loofah {*Slow rElec MR+++ Dex-3}
   (You took it off a crimson imp on level 7 of the Dungeon)

   It affects your dexterity (-3).
   It insulates you from electricity.
   It affects your resistance to hostile enchantments.
   It may slow you when you take damage.
 c - a +0 kite shield (worn)
 p - the +2 helmet of Wu Jian's Envy (worn) {rC+}
   (You took it off Robin on level 2 of the Dungeon)

   It protects you from cold.
 E - a +0 plate armour (worn)
 J - a +0 pair of gloves (worn)
 N - a +1 cloak (worn)
Jewellery
 m - an uncursed ring of resist corrosion
 r - an uncursed amulet of the acrobat
 B - an amulet of magic regeneration (around neck)
 C - an uncursed ring of ice
 F - a +6 ring of intelligence
 K - a ring of protection from fire (right hand)
 P - a +4 ring of evasion (left hand)
 R - an uncursed ring of wizardry {unknown}
Wands
 k - a wand of iceblast (8)
 o - a wand of polymorph (7)
 t - a wand of acid (16)
 v - a wand of paralysis (20)
Scrolls
 j - 2 scrolls of remove curse
 n - 2 scrolls of magic mapping {unknown}
 u - 2 scrolls of amnesia
 w - 4 scrolls of fear
 y - 3 scrolls of enchant armour
 D - a scroll of enchant weapon {unknown}
 G - 6 scrolls of teleportation
 H - 2 scrolls of fog {unknown}
 M - a scroll of vulnerability {unknown}
 O - a scroll of blinking
Potions
 d - 3 potions of might
 e - a potion of magic
 g - 3 potions of flight
 h - 3 potions of heal wounds
 i - 2 potions of stabbing
 l - 5 potions of lignification
 q - 6 potions of mutation
 s - 8 potions of curing
 x - 5 potions of invisibility
 z - 4 potions of brilliance
 A - 2 potions of ambrosia
 I - a potion of resistance
 L - a potion of berserk rage {unknown}
Comestibles
 f - 19 rations


   Skills:
 + Level 6.0 Fighting
 + Level 13.2 Long Blades
 + Level 6.1 Armour
 + Level 3.5 Dodging
 + Level 6.0 Shields
 + Level 5.0 Invocations


You had 10 spell levels left.
You didn't know any spells.
Your spell library contained the following spells:

 Spells                   Type           Power        Failure   Level  Hunger
 Animate Skeleton         Necr           N/A          100%        1    ##.....
 Apportation              Tloc           #.....       100%        1    ##.....
 Corona                   Hex            #......      100%        1    ##.....
 Magic Dart               Conj           #...         100%        1    ##.....
 Shock                    Conj/Air       #...         100%        1    ##.....
 Sting                    Tmut/Pois      #...         100%        1    ##.....
 Summon Small Mammal      Summ           #...         100%        1    ##.....
 Blink                    Tloc           N/A          100%        2    ###....
 Call Imp                 Summ           #.......     100%        2    ###....
 Poisonous Vapours        Pois/Air       #.....       100%        2    ###....
 Slow                     Hex            #.......     100%        2    ###....
 Swiftness                Chrm/Air       #.......     100%        2    ###....
 Conjure Flame            Conj/Fire      #.......     100%        3    ####...
 Ignite Poison            Fire/Tmut/Pois #.......     100%        3    ####...
 Mephitic Cloud           Conj/Pois/Air  #.......     100%        3    ####...
 Static Discharge         Conj/Air       #.......     100%        3    ####...
 Airstrike                Air            #.........   100%        4    #####..
 Olgreb's Toxic Radiance  Pois           #.......     100%        4    #####..
 Lightning Bolt           Conj/Air       #.........   100%        5    ######.


Dungeon Overview and Level Annotations

Branches:
Dungeon (11/15)            Temple (1/1) D:6           Sewer (visited)
Ossuary (visited)
   Lair: D:8-11         Orc: D:9-12

Altars:
Ashenzari
Cheibriados
Dithmenos
Elyvilon
Fedhas
Gozag
Hepliaklqana
Kikubaaqudgha
Makhleb
Nemelex Xobeh
Okawaru
Qazlal
Ru
Sif Muna
Trog
Uskayaw
Vehumet
Wu Jian
Xom
Yredelemnul
Zin
The Shining One

Shops:
D:5 (   D:8 (

Annotations:
D:4 2 transporters, ohados's ghost, novice DsGl


Innate Abilities, Weirdness & Mutations

You are resistant to torment.
Your stone body is resilient. (AC +8)
You are immune to poison.
You resist negative energy. (rN+)
You are resistant to electric shocks. (rElec)
You can survive without breathing.
You are immune to petrification.
You are immune to rotting.


Message History

You hit the wraith but do no damage.
The wraith is lightly damaged.
The wraith misses you.
Your plate armour prevents you from hitting the wraith.
The wraith is lightly damaged.
The meliai invokes the aid of its god against you.
Something smites you!
* * * LOW HITPOINT WARNING * * *
The wraith hits you but does no damage.
You hit the wraith but do no damage.
The wraith is lightly damaged.
The meliai calls down the wrath of its god upon you.
Something smites you!
* * * LOW HITPOINT WARNING * * *
You hit the wraith.
The wraith is moderately damaged.
You block the wraith's attack.
The meliai calls down the wrath of its god upon you.
Something smites you!
You die...

#..........
#####...............#
.....<..............##
..........z...........
......................
#......W........!.....
#......z# #........
#......W# #........
#......W# #@#
#.......# #W#
#.......######z#
#............yy#
#.......).....y#
#..............#
###..............#
.........###.......
......####.#........


You could see a wraith, 3 meliai and a wight.

Vanquished Creatures
  A two-headed ogre (D:13)
  A deep elf mage (D:10)
  An ugly thing (D:9)
  A cyclops (D:11)
  A gargoyle (D:9)
  2 hornets (D:9)
  A troll (D:10)
  A hippogriff (D:9)
  Grinder (D:4)
  3 wraiths
  Eustachio (D:6)
  Menkaure (D:4)
  A hungry ghost (D:9)
  2 soldier ants (D:9)
  A water moccasin (D:8)
  An orc warrior (D:9)
  2 ice beasts
  A black bear (D:10)
  Purgy (Sewer)
  A hornet zombie (D:8)
  3 sky beasts
  2 phantoms (D:4)
  4 ogres
  5 centaurs
  A crocodile (D:10)
  Blork the orc (D:4)
  2 big kobolds
  5 bullfrogs
  A wyvern zombie (D:8)
  A wyvern skeleton (D:9)
  10 scorpions
  12 killer bees
  2 wights (D:13)
  2 electric eels (D:7)
  2 howler monkeys (D:9)
  9 crimson imps
  A quasit (D:10)
  4 centaur zombies
  2 human zombies (Ossuary)
  A bullfrog zombie (D:8)
  6 hounds
  3 orc priests
  6 orc wizards
  2 bullfrog skeletons
  2 centaur skeletons
  An iron imp (D:5)
  7 iguanas
  9 worker ants
  3 big kobold zombies (Ossuary)
  A hound skeleton (D:6)
  3 mummies (Ossuary)
  Robin (D:2)
  7 gnolls (D:4)
  2 scorpion zombies (Ossuary)
  11 adders
  8 river rats (D:3)
  4 shadow imps
  5 oozes
  An adder zombie (D:8)
  5 worms
  A dart slug (D:3)
  12 leopard geckos
  19 orcs
  8 bats
  5 giant cockroaches
  A gnoll zombie (Ossuary)
  18 goblins
  7 hobgoblins
  18 jackals
  2 quokkas
  3 ball pythons
  7 frilled lizards
  3 goblin zombies (Ossuary)
  2 hobgoblin zombies (Ossuary)
  10 kobolds
  A kobold zombie (Ossuary)
  A leopard gecko skeleton (D:6)
  A leopard gecko zombie (D:6)
  2 orc zombies (Ossuary)
  A quokka zombie (D:6)
  8 rats
312 creatures vanquished.

Vanquished Creatures (others)
  A scorpion (Ossuary)
1 creature vanquished.

Grand Total: 313 creatures vanquished

Notes
Turn   | Place    | Note
-------+----------+-------------------------------------------
     0 | D:1      | Kagalorn the Gargoyle Fighter began the quest for the Orb.
     0 | D:1      | Reached XP level 1. HP: 14/14 MP: 1/1
    58 | D:1      | Reached skill level 2 in Long Blades
   148 | D:1      | Reached XP level 2. HP: 18/19 MP: 2/2
   483 | D:1      | Reached skill level 3 in Long Blades
   537 | D:1      | Reached XP level 3. HP: 23/23 MP: 3/3
   747 | D:2      | Identified the +2 helmet of Wu Jian's Envy {rC+}
   747 | D:2      | Noticed Robin
   960 | D:2      | Killed Robin
   960 | D:2      | Reached XP level 4. HP: 28/28 MP: 4/4
  1042 | D:2      | Reached skill level 4 in Long Blades
  1929 | D:3      | Reached XP level 5. HP: 31/32 MP: 5/5
  2003 | D:3      | Reached skill level 5 in Long Blades
  2079 | D:3      | Found a glowing drain.
  2084 | Sewer    | Entered a sewer
  2261 | Sewer    | Noticed Purgy
  2282 | Sewer    | Killed Purgy
  2282 | Sewer    | Reached XP level 6. HP: 32/37 MP: 6/6
  2424 | D:3      | Reached skill level 6 in Long Blades
  2689 | D:3      | Found a faded altar of an unknown god.
  2861 | D:3      | Found a sparkling altar of Nemelex Xobeh.
  3187 | D:4      | Noticed Menkaure
  3191 | D:4      | Noticed Grinder
  3207 | D:4      | Killed Menkaure
  3207 | D:4      | Reached XP level 7. HP: 9/41 MP: 7/7
  3214 | D:4      | Killed Grinder
  3214 | D:4      | Reached skill level 7 in Long Blades
  3296 | D:4      | Noticed Blork the orc
  3310 | D:4      | Killed Blork the orc
  3348 | D:4      | Reached skill level 8 in Long Blades
  3381 | D:4      | Reached XP level 8. HP: 33/46 MP: 8/8
  3414 | D:4      | Found a sand-covered staircase.
  3422 | Ossuary  | Entered an ossuary
  3701 | Ossuary  | Reached skill level 9 in Long Blades
  4153 | Ossuary  | Reached skill level 10 in Long Blades
  4347 | D:4      | Found a transporter.
  4363 | D:4      | Noticed ohados's ghost (novice DsGl)
  4375 | D:4      | Found a transporter.
  4603 | D:4      | Reached XP level 9. HP: 45/51 MP: 9/9
  4869 | D:5      | Entered Level 5 of the Dungeon
  4869 | D:5      | Found Beud's Weapon Shop.
  4904 | D:5      | Found an iron altar of Okawaru.
  5059 | D:5      | Reached skill level 11 in Long Blades
  5089 | D:5      | Found a snail-covered altar of Cheibriados.
  5805 | D:6      | Noticed Eustachio
  5859 | D:6      | Killed Eustachio
  5993 | D:6      | Identified a scroll of acquirement
  6053 | D:6      | Reached skill level 12 in Long Blades
  6130 | D:6      | Found a staircase to the Ecumenical Temple.
  6148 | Temple   | Entered the Ecumenical Temple
  6414 | Temple   | Became a worshipper of the Shining One
  6991 | D:6      | Reached XP level 10. HP: 31/56 MP: 10/10
  8459 | D:7      | Identified the +5 robe of the Loofah {*Slow rElec MR+++
                  | Dex-3}
  8504 | D:8      | Found Awkisej's Weapon Shop.
  8528 | D:7      | Reached skill level 1 in Invocations
  8614 | D:8      | Reached * piety under the Shining One
  8727 | D:8      | Noticed Maurice
  8821 | D:8      | Noticed Maurice
  8821 | D:8      | Maurice changed into Maurice the big kobold
  8827 | D:8      | Paralysed by Maurice for 3 turns
  8839 | D:8      | Killed Maurice the big kobold
  8839 | D:8      | Reached skill level 1 in Dodging
  9577 | D:9      | Noticed a cyan ugly thing
  9600 | D:9      | Killed a cyan ugly thing
 10158 | D:9      | Reached ** piety under the Shining One
 10365 | D:9      | Reached skill level 5 in Armour
 10383 | D:9      | Reached skill level 5 in Fighting
 10383 | D:9      | Reached XP level 11. HP: 57/63 MP: 13/13
 10393 | D:9      | Reached skill level 5 in Shields
 10401 | D:9      | Reached skill level 13 in Long Blades
 10496 | D:10     | Entered Level 10 of the Dungeon
 10903 | D:10     | Noticed a deep elf mage
 10931 | D:10     | Killed a deep elf mage
 11523 | D:11     | Noticed a cyclops
 11709 | D:11     | Killed a cyclops
 11868 | D:11     | You fall into a shaft and drop 2 floors!
 11897 | D:13     | Noticed a two-headed ogre
 11909 | D:13     | Killed a two-headed ogre
 11913 | D:13     | Reached *** piety under the Shining One
 11990 | D:13     | Reached skill level 5 in Invocations
 11998 | D:13     | Killed from afar by a meliai

Illustrated notes

Levels and vault maps discovered:
D:1:      lemuel_arrival_room, layout_basic
D:2:      layout_loops_cross, first_ration, minmay_tromino_i2, uniq_robin
D:3:      layout_loops_corners, lightli_sewer_entry_pipes,
          chequers_ecumenical_altar_simple_redux, nemelex_diamond_rough_becter
D:4:      layout_basic, gammafunk_ghost_stat_death, chequers_ossuary_entry_cave,
          serial_park_tiny_2, uniq_menkaure, uniq_grinder, uniq_blork_the_orc
D:5:      layout_loops_cross, slow_altar_1, serial_shops,
          nicolae_shop_window_shopping, hangedman_abyss_or_decor_lesser_grid,
          kennysheep_okawaru_gauntlet
D:6:      layout_cave_pools, minmay_temple_entry_offerings, uniq_eustachio
D:7:      layout_basic, minivault_4
D:8:      layout_rooms, serial_shops, shop, uniq_maurice
D:9:      layout_roguey, hangedman_pestilent_swarm
D:10:     layout_roguey
D:11:     layout_stronghold, dpeg_oklobed_lair, kennysheep_cluttered_room,
          minmay_puff, uniq_nergalle
D:13:     layout_irregular_city, grunt_vaults_entry_tiered,
          portal_ice_cave_entry_animals_and_master, uniq_josephine
Temple:   nicolae_temple_the_god_donut

Skill      XL: |  1  2  3  4  5  6  7  8  9 10 11 |
---------------+----------------------------------+-----
Long Blades    | 2 3 4 5 6 8 10 12 13 | 13.2
Invocations    | 3 5 |  5.0
Dodging        | 2 3 |  3.5
Armour         | 5 6 |  6.1
Fighting       | 5 6 |  6.0
Shields        | 4 6 |  6.0

Action                   |  1- 3 |  4- 6 |  7- 9 | 10-12 || total
-------------------------+-------+-------+-------+-------++-------
Melee: Long sword        |   110 |   337 |   756 |   768 ||  1971
       Trident           |       |       |     3 |       ||     3
Evoke: Wand              |       |     1 |     1 |     1 ||     3
  Use: Scroll            |       |     6 |    10 |     7 ||    23
       Potion            |       |       |     1 |       ||     1
  Eat: Chunk             |       |     8 |     9 |     9 ||    26
       Ration            |       |       |     1 |     3 ||     4
Armor: Scale mail        |    61 |   203 |   187 |       ||   451
       Plate armour      |       |       |   274 |   435 ||   709
Dodge: Dodged            |    31 |   118 |   124 |   144 ||   417
Block: Kite shield       |    64 |   173 |   289 |   323 ||   849
       Rpst.: Long sword |     9 |    42 |    41 |    33 ||   125

Table legend:
 A = Non-vault XP
 B = Vault XP
 C = Vault XP percentage of total XP
 D = Non-vault monster count
 E = Vault monster count
 F = Vault count percentage of total count
                 A         B        C        D         E       F
            +---------+---------+-------+---------+---------+-------
      Total |   11670 |    3381 |  22.5 |     236 |      75 |  24.1
            +---------+---------+-------+---------+---------+-------
        D:1 |      43 |       4 |   8.5 |      22 |       2 |   8.3
        D:2 |      43 |      35 |  44.9 |      10 |      12 |  54.5
        D:3 |      82 |     130 |  61.3 |      30 |      13 |  30.2
        D:4 |     808 |     529 |  39.6 |      30 |       3 |   9.1
        D:5 |     683 |      42 |   5.8 |      18 |       3 |  14.3
        D:6 |    1003 |     172 |  14.6 |      27 |       1 |   3.6
        D:7 |     969 |       0 |   0.0 |      25 |       0 |   0.0
        D:8 |    1106 |      97 |   8.1 |      24 |       1 |   4.0
        D:9 |    2483 |     893 |  26.5 |      25 |       4 |  13.8
       D:10 |    1966 |       0 |   0.0 |      18 |       0 |   0.0
       D:11 |    1052 |       0 |   0.0 |       3 |       0 |   0.0
       D:13 |    1432 |     422 |  22.8 |       4 |       2 |  33.3
      Sewer |       0 |     136 | 100.0 |       0 |       6 | 100.0
    Ossuary |       0 |     921 | 100.0 |       0 |      28 | 100.0
            +---------+---------+-------+---------+---------+-------
